 Dungeon Crawl Stone Soup version 0.26-a0-572-g753d7e3450 (webtiles) character file.

Game seed: 16920588101162480752

1187 Hores the Digger (level 8, -3/44 HPs)
             Began as a Gargoyle Earth Elementalist on Aug 21, 2020.
             Was an Initiate of Vehumet.
             Shot with an arrow by a centaur (5 damage)
             ... on level 6 of the Dungeon.
             The game lasted 00:17:00 (5556 turns).

Hores the Digger (Gargoyle Earth Elementalist)      Turns: 5556, Time: 00:17:01

Health: -3/44      AC:  9    Str: 12    XL:     8   Next: 43%
Magic:  5/15       EV: 12    Int: 18    God:    Vehumet [......]
Gold:   378        SH:  0    Dex: 10    Spells: 8/17 levels left

rFire    . . .     SeeInvis .   h - +3 mace (vorpal)
rCold    . . .     Faith    .   (no shield)
rNeg     + . .     Spirit   .   k - +1 robe (curse)
rPois    ∞         Reflect  .   d - +0 helmet
rElec    +         Harm     .   (no cloak)
rCorr    .         Rnd*Tele +   (no gloves)
MR       +....                  (no boots)
Stlth    ++........             (no amulet)
HPRegen  0.14/turn              c - ring of teleportation (curse)
MPRegen  0.14/turn              o - ring of protection from magic

@: very slightly contaminated
A: negative energy resistance 1, electricity resistance, unbreathing,
petrification resistance, rot immunity, AC +5
a: Renounce Religion


You were on level 6 of the Dungeon.
You worshipped Vehumet.
Vehumet was noncommittal.
You visited 2 branches of the dungeon, and saw 7 of its levels.

You collected 378 gold pieces.

Inventory:

Hand Weapons
 g - a +0 flail
 h - a +3 vorpal mace (weapon)
 j - a +0 whip of electrocution
 l - the +2 short sword of the Hills {freeze, MR++ Str-2 Int+5}
   (You found it on level 4 of the Dungeon)

   It has been specially enchanted to freeze those struck by it, causing extra
   injury to most foes and up to half again as much damage against particularly
   susceptible opponents.
   It can also slow down cold-blooded creatures.
   It affects your strength (-2).
   It affects your intelligence (+5).
   It affects your resistance to hostile enchantments.
Missiles
 b - 184 stones (quivered)
Armour
 d - a +0 helmet (worn)
 k - a cursed +1 robe (worn)
Jewellery
 c - a cursed ring of teleportation (left hand)
 o - a ring of protection from magic (right hand)
Scrolls
 a - 8 scrolls of teleportation
 p - a scroll of identify
 q - a scroll of enchant weapon
 s - a scroll of magic mapping
Potions
 e - 3 potions of invisibility
 f - 2 potions of curing
 i - a potion of brilliance
 m - 2 potions of flight
 n - a potion of stabbing
 r - 2 potions of cancellation


   Skills:
 + Level 1.9 Fighting
 + Level 1.5 Maces & Flails
 + Level 1.9 Armour
 + Level 2.2 Dodging
 - Level 2.1 Stealth
 + Level 5.2 Spellcasting
 + Level 5.0 Conjurations
   Level 0.7 Transmutations
 + Level 7.3 Earth Magic


You had 8 spell levels left.
You knew the following spells:

 Your Spells              Type           Power        Failure   Level
a - Sandblast             Erth           ####..       1%          1
b - Stone Arrow           Conj/Erth      ####..       3%          3
c - Lee's Rapid Deconstr  Erth           ####......   19%         5

Your spell library contained the following spells:

 Spells                   Type           Power        Failure   Level
 Magic Dart               Conj           ###.         1%          1
 Searing Ray              Conj           ###...       2%          2
 Passwall                 Tmut/Erth      ###.....     3%          2
 Dazzling Flash           Conj/Hex       ##....       14%         3
 Petrify                  Tmut/Erth      ###.....     24%         4
 Fulminant Prism          Conj/Hex       ##........   43%         4
 Iskenderun's Mystic Bla  Conj/Tloc      ##......     43%         4


Dungeon Overview and Level Annotations

Branches:
Dungeon (6/15)             Temple (1/1) D:4

Altars:
Ashenzari
Cheibriados
Makhleb
Ru
Sif Muna
Trog
Uskayaw
Vehumet
Wu Jian
Xom
Zin

Annotations:
D:3 2 transporters, MrRokkomies's ghost, amateur TeVM


Innate Abilities, Weirdness & Mutations

You are resistant to torment.
Your stone body is resilient. (AC +5)
You are immune to poison.
You resist negative energy. (rN+)
You are resistant to electric shocks. (rElec)
You can survive without breathing.
You are immune to petrification.
You are immune to rotting.


Message History

Confirm with . or Enter, or press ? or * to list all spells.
The spell is extremely dangerous to cast (19% risk of failure)!
Continue anyway?
Aiming: Lee's Rapid Deconstruction (extremely dangerous; 19% risk of failure)
Press: ? - help, Dir - move target cursor A rock wall.
The wall shatters!
The blast of rock fragments hits the adder zombie!!
You destroy the adder zombie!
Vehumet accepts your kill.
The blast of rock fragments hits the centaur!
The centaur is heavily wounded.
The blast of rock fragments hits something.
The blast of rock fragments hits the ogre!!
You kill the ogre!
Vehumet accepts your kill.
Your Conjurations skill increases to level 5!
The centaur shoots an arrow.
The arrow hits you.
* * * LOW HITPOINT WARNING * * *
The centaur shoots an arrow.
The arrow hits you.
You die...

##############
.............#
.............#
.............########
>............†......#
......................
..)#'####.....#####.##.#
#....()@....# #
#...c##.....# #....
#.....# #.... #.....#
#.... #.....# #####
#.....# #.....# #.....#


You could see a centaur.

Vanquished Creatures
  Grinder (D:3)
  A black bear (D:4)
  A phantom (D:6)
  3 ogres
  A centaur (D:4)
  2 gnoll shamans
  A bullfrog skeleton (D:5)
  2 orc priests
  An orc wizard (D:4)
  2 worker ants (D:4)
  A hound skeleton (D:4)
  4 adders (D:2)
  11 gnolls
  A shadow imp (D:5)
  A white imp (D:6)
  3 adder skeletons (D:4)
  An adder zombie (D:6)
  2 worms
  A dart slug (D:1)
  5 leopard geckos
  7 orcs
  A ball python (D:1)
  5 bats
  3 giant cockroaches
  9 goblins
  12 hobgoblins
  9 kobolds
  A quokka (D:2)
  3 frilled lizards
  9 rats
104 creatures vanquished.

Notes
Turn   | Place    | Note
-------+----------+-------------------------------------------
     0 | D:1      | Hores the Gargoyle Earth Elementalist began the quest for
                  | the Orb.
     0 | D:1      | Reached XP level 1. HP: 10/10 MP: 3/3
   546 | D:1      | Reached skill level 4 in Earth Magic
   546 | D:1      | Reached XP level 2. HP: 14/15 MP: 5/5
  1039 | D:1      | Reached XP level 3. HP: 15/19 MP: 4/6
  1193 | D:1      | Learned a level 3 spell: Stone Arrow
  1418 | D:2      | Found a sacrificial altar of Ru.
  1553 | D:2      | Reached XP level 4. HP: 17/24 MP: 3/8
  1812 | D:2      | Reached skill level 1 in Conjurations
  2199 | D:2      | Found an ornate altar of the Wu Jian Council.
  2526 | D:2      | Reached skill level 5 in Earth Magic
  2603 | D:3      | Found a transporter.
  2604 | D:3      | Noticed MrRokkomies's ghost (amateur TeVM)
  2631 | D:3      | Noticed an ogre
  2643 | D:3      | Killed an ogre
  2643 | D:3      | Reached XP level 5. HP: 28/28 MP: 3/10
  2651 | D:3      | Learned a level 5 spell: Lee's Rapid Deconstruction
  2730 | D:3      | Found a transporter.
  2879 | D:3      | Found a bloodstained altar of Trog.
  2997 | D:3      | Noticed Grinder
  3006 | D:3      | Killed Grinder
  3006 | D:3      | Reached skill level 6 in Earth Magic
  3006 | D:3      | Reached XP level 6. HP: 16/32 MP: 8/12
  3190 | D:3      | Found a shimmering altar of Xom.
  3466 | D:3      | Reached XP level 7. HP: 36/36 MP: 11/13
  3474 | D:3      | Found a shattered altar of Ashenzari.
  3718 | D:4      | Found a staircase to the Ecumenical Temple.
  3724 | Temple   | Entered the Ecumenical Temple
  3763 | Temple   | Became a worshipper of Vehumet
  3976 | D:4      | Got a slimy short sword
  4318 | D:4      | Identified the +2 short sword of the Hills {freeze, MR++
                  | Str-2 Int+5} (You found it on level 4 of the Dungeon)
  4341 | D:4      | Reached skill level 7 in Earth Magic
  4754 | D:5      | Entered Level 5 of the Dungeon
  4830 | D:5      | Reached XP level 8. HP: 39/42 MP: 4/15
  4832 | D:5      | Reached skill level 5 in Spellcasting
  4846 | D:5      | Reached skill level 1 in Fighting
  4846 | D:5      | Reached skill level 1 in Armour
  5098 | D:5      | Reached skill level 1 in Maces & Flails
  5282 | D:5      | Found a shimmering blue altar of Sif Muna.
  5433 | D:6      | Found a burning altar of Makhleb.
  5556 | D:6      | Reached skill level 5 in Conjurations
  5556 | D:6      | HP: 2/44 [centaur/arrow (6)]
  5556 | D:6      | Shot with an arrow by a centaur

Illustrated notes

Levels and vault maps discovered:
D:1:      psy_arrival_basics, layout_loops_ring
D:2:      layout_loops_corners, marbit_many_paths, nicolae_ru_path_of_blood
D:3:      layout_loops_cross, lemuel_round_altar, lemuel_crystal_altar,
          bloody_trog, gammafunk_ghost_mausoleum, serial_glass, glass_columns_a,
          glass_columns_a, minmay_fractal_squares_5, uniq_grinder
D:4:      layout_gridville, minmay_temple_entry_wispy
D:5:      layout_rooms, led_sif_pool
D:6:      layout_basic, nicolae_overflow_crystal_walls, basic_altar, uniq_pikel,
          uniq_blork_the_orc
Temple:   jpeg_temple_alley_garden

Skill      XL: |  1  2  3  4  5  6  7  8 |
---------------+-------------------------+-----
Earth Magic    | 4 5 6 7 |  7.3
Spellcasting   | 3 4 5 |  5.2
Conjurations   | 2 3 4 5 |  5.0
Fighting       | 1 |  1.9
Armour         | 1 |  1.9
Maces & Flails | 1 |  1.5
Dodging        | 2 |  2.2
Stealth        | |  2.1
Transmutations | |  0.7

Action                   |  1- 3 |  4- 6 |  7- 9 || total
-------------------------+-------+-------+-------++-------
Melee: Club              |    57 |       |       ||    57
       Unarmed           |     4 |       |       ||     4
       Mace              |    35 |   109 |   104 ||   248
 Cast: Sandblast         |    16 |    14 |    20 ||    50
       Lee's Rapid Decon |       |       |     2 ||     2
  Use: Scroll            |       |     9 |     5 ||    14
 Stab: Sleeping          |     4 |     6 |     1 ||    11
Armor: Robe              |    32 |    45 |    60 ||   137
Dodge: Dodged            |    78 |    74 |    81 ||   233

Table legend: (Time is in decaauts)
 A = Elapsed time spent in this place.
 B = Non-inter-level travel time spent in this place.
 C = Inter-level travel time spent in this place.
 D = Time resting spent in this place.
 E = Time spent auto-exploring this place.
 F = Levels seen in this place.
 G = Mean time per level.
                   A        B        C        D        E       F      G
               +--------+--------+--------+--------+--------+-----+--------+
         Total |   5666 |   5500 |    166 |    716 |   3787 |   7 |  809.4 |
       Dungeon |   5601 |   5460 |    141 |    716 |   3759 |   6 |  933.5 |
        Temple |     64 |     39 |     25 |      0 |     28 |   1 |   64.0 |
               +--------+--------+--------+--------+--------+-----+--------+

Top non-repeatable levels by time:
     D:1: 1359 daAuts
     D:2: 1260 daAuts
     D:3: 1106 daAuts
     D:4: 1055 daAuts
     D:5: 558 daAuts
     D:6: 261 daAuts
  Temple: 64 daAuts
